 Dungeon Crawl Stone Soup version 0.32-a0-898-g7811c86cf0 (webtiles) character file.

Game seed: 15871332100366219311

196 DEFE the Chopper (level 5, -3/41 HPs)
             Began as a Coglin Fighter on Apr 4, 2024.
             Splashed by a jelly's acid (8 damage)
             ... on level 4 of the Dungeon.
             The game lasted 00:02:34 (2369 turns).

DEFE the Chopper (Coglin Fighter)                   Turns: 2369, Time: 00:02:34

Health: -3/41      AC:  1    Str: 19    XL:     5   Next: 74%
Magic:  5/5        EV:  8    Int:  7    God:
Gold:   96         SH:  0    Dex: 13    Spells: 4/4 levels left

rFire   . . .        a - +0 war axe {Liesl}
rCold   . . .        k - +3 whip {Daeho}
rNeg    . . .        b - +0 scale mail
rPois   .            l - +2 hat
rElec   .            i - +0 cloak
rCorr   .            (no gloves)
SInv    .            (no boots)
Will    .....        (amulet unavailable) Stlth
                     (ring unavailable)
HPRegen 0.26/turn    (ring unavailable)
MPRegen 0.09/turn    (no gizmo)

%: no passive effects
@: corroded, revved
A: off-hand wielding, slow wielding, warmup strikes, no jewellery
a: Invent Gizmo


You were on level 4 of the Dungeon.
You visited 1 branch of the dungeon, and saw 4 of its levels.

You collected 96 gold pieces.

Inventory:

Hand Weapons
 a - a +0 war axe (weapon) {Liesl}
 j - a +0 hand axe {Ashmeen}
 k - a +3 whip (offhand) {Daeho}
Missiles
 n - 3 curare-tipped darts (quivered)
Armour
 b - a +0 scale mail (worn)
 c - a +0 buckler
 i - a +0 cloak (worn)
 l - a +2 hat (worn)
Scrolls
 f - a scroll of fear
 h - a scroll of immolation
 m - a scroll of poison {unknown}
 o - 2 scrolls of enchant weapon
 q - a scroll of enchant armour
 r - a scroll of noise {unknown}
 t - a scroll of blinking {unknown}
Potions
 d - 2 potions of might
 e - a potion of heal wounds {unknown}
 p - a potion of degeneration {unknown}
 s - a potion of invisibility {unknown}
 u - a potion of brilliance {unknown}


   Skills:
 - Level 3.0 Fighting
 + Level 5.8 Axes
 - Level 2.6 Armour
 - Level 2.1 Shields


You had 4 spell levels left.
You didn't know any spells.
Your spell library contained the following spells:

 Spells                   Type           Power      Damage    Failure   Level
 Summon Small Mammal      Summ           0%         N/A       80%         1
 Call Canine Familiar     Summ           0%         N/A       99%         3
 Frozen Ramparts          Ice            0%         1d1       99%         3
 Ozocubu's Armour         Ice            0%         N/A       99%         3
 Summon Blazeheart Golem  Fire/Summ      0%         N/A       100%        4
 Metabolic Englaciation   Hex/Ice        0%         N/A       100%        5


Dungeon Overview and Level Annotations

Branches:
Dungeon (4/15)
 Temple: D:4-7

Altars:


Innate Abilities, Weirdness & Mutations

You can wield a second weapon in your off-hand.
It takes a long time for you to wield or remove held weapons.
Your first few attacks do less damage.
You cannot equip rings or amulets.


Message History

There is a stone staircase leading up here.
Unknown command.
Unknown command.
A jelly is nearby!
You hit the jelly with your +3 whip.
Your graspers burn!
The jelly is lightly wounded.
You barely miss the jelly with your +0 war axe.
The jelly barely misses you.
Unknown command.
You hit the jelly with your +0 war axe. The acid corrodes you!
Your graspers burn!
The jelly is lightly wounded.
You hit the jelly with your +3 whip. The acid corrodes you!
Your graspers burn!
The jelly hits you but does no damage.
You hit the jelly but do no damage. The acid corrodes you!
Your graspers burn!
The jelly is moderately wounded.
You hit the jelly but do no damage.
Your graspers burn!
The jelly hits you but does no damage.
You hit the jelly but do no damage. The acid corrodes you!
Your graspers burn!
The jelly is moderately wounded.
You hit the jelly but do no damage. The acid corrodes you!
Your graspers burn!
The jelly hits you.
You are splashed with acid!
You are too injured to fight recklessly!
You are too injured to fight recklessly!
Unknown command.
You slash the jelly with your +0 war axe!
Your graspers burn!
* * * LOW HITPOINT WARNING * * *
The jelly is severely wounded.
You hit the jelly but do no damage.
Your graspers burn!
* * * LOW HITPOINT WARNING * * *
The jelly barely misses you.
You hit the jelly with your +3 whip.
Your graspers burn!
* * * LOW HITPOINT WARNING * * *
The jelly is almost dead.
You completely miss the jelly with your +0 war axe.
The jelly hits you.
* * * LOW HITPOINT WARNING * * *
You are splashed with acid!
You die...

.. . # ... ..#.
#######...
....##.......
...........#
.......J...#####
#.@........
#........#
#..<.#####
#....# #....#
#....# ######


You could see a jelly.

Vanquished Creatures
  A centaur (D:3)
  6 adders
  2 dart slugs
  3 ribbon worms
  An orc (D:3)
  4 endoplasms
  2 giant cockroaches
  3 goblins
  5 hobgoblins
  7 kobolds
  2 quokkas (D:2)
  5 ball pythons
  5 bats
  3 frilled lizards
  9 rats
58 creatures vanquished.

Notes
Turn   | Place    | Note
-------+----------+-------------------------------------------
     0 | D:1      | DEFE the Coglin Fighter began the quest for the Orb.
     0 | D:1      | Reached XP level 1. HP: 18/18 MP: 1/1
    90 | D:1      | Reached XP level 2. HP: 24/24 MP: 2/2
   471 | D:1      | Reached skill level 3 in Axes
   850 | D:2      | Reached XP level 3. HP: 29/29 MP: 3/3
   853 | D:2      | You fall into a shaft and drop 1 floor!
   978 | D:3      | Noticed a centaur
   997 | D:3      | Killed a centaur
   998 | D:3      | Reached skill level 5 in Axes
   998 | D:3      | Reached XP level 4. HP: 10/35 MP: 4/4
   998 | D:3      | Reached XP level 5. HP: 12/41 MP: 5/5
  2369 | D:4      | Splashed by a jelly's acid

Illustrated notes

Levels and vault maps discovered:
D:1:      dpeg_arrival_line_fractal, layout_basic
D:2:      layout_loops_ring, minmay_misc_feat_pillars
D:3:      layout_rooms, grunt_decor_arrowhead, minmay_starry_boxes
D:4:      layout_rooms, grunt_dithmenos_smoke, kennysheep_little_box,
          minmay_temple_entry_purple_smoke,
          mainiacjoe_sewer_entry_somewhere_in_here_1,
          nicolae_shop_i_like_big_books, uniq_sigmund, uniq_edmund,
          uniq_crazy_yiuf_cottage, uniq_pikel

Skill      XL: |  1  2  3 |
---------------+----------+-----
Axes           | 3 5 |  5.8
Fighting       | |  3.0
Armour         | |  2.6
Shields        | |  2.1

Action                     |  1- 3 |  4- 6 || total
---------------------------+-------+-------++-------
  Melee: War axe           |    83 |    73 ||   156
         Whip              |       |    38 ||    38
         Hand axe          |       |    27 ||    27
    Use: Potion            |     2 |       ||     2
         Scroll            |       |     4 ||     4
 Armour: Scale mail        |    92 |    46 ||   138
  Dodge: Dodged            |    57 |    36 ||    93
  Block: Buckler           |    36 |       ||    36

Table legend: (Time is in decaauts)
 A = Elapsed time spent in this place.
 B = Non-inter-level travel time spent in this place.
 C = Inter-level travel time spent in this place.
 D = Time resting spent in this place.
 E = Time spent auto-exploring this place.
 F = Levels seen in this place.
 G = Mean time per level.
                   A        B        C        D        E       F      G
               +--------+--------+--------+--------+--------+-----+--------+
         Total |   2396 |   2325 |     71 |    140 |   1698 |   4 |  599.0 |
       Dungeon |   2396 |   2325 |     71 |    140 |   1698 |   4 |  599.0 |
               +--------+--------+--------+--------+--------+-----+--------+

Top non-repeatable levels by time:
     D:2: 883 daAuts
     D:1: 809 daAuts
     D:3: 695 daAuts
     D:4: 8 daAuts
